 Dungeon Crawl Stone Soup version 0.30-a0-718-geaa24f58ff (webtiles) character file.

Game seed: 11432194448115404212

77 gelatine the Firebug (level 4, -1/30 HPs)
             Began as a Demonspawn Fire Elementalist on Jan 26, 2023.
             Slain by Grinder (5 damage)
             ... on level 3 of the Dungeon.
             The game lasted 00:06:25 (1967 turns).

gelatine the Firebug (Demonspawn Fire Elementalist) Turns: 1967, Time: 00:06:25

Health: -1/30      AC:  4    Str:  8    XL:     4   Next: 13%
Magic:  1/7        EV: 12    Int: 19    God:
Gold:   60         SH:  0    Dex: 13    Spells: 6/7 levels left

rFire   . . .      SeeInvis .    q - +2 short sword (drain)
rCold   . . .      Faith    .    (no shield)
rNeg    . . .      Spirit   .    a - +0 robe
rPois   +          Reflect  .    l - +0 helmet
rElec   .          Harm     .    (no cloak)
rCorr   .          Rampage  .    (no gloves)
Will    .....                    c - +0 pair of boots
Stlth   ++                       (no amulet)
HPRegen 0.25/turn                r - ring of poison resistance
MPRegen 0.10/turn                (no ring)

@: no status effects
A: spiny 1, demonic touch 2
a: no special abilities


You were on level 3 of the Dungeon.
You visited 1 branch of the dungeon, and saw 3 of its levels.

You collected 60 gold pieces.

Inventory:

Hand Weapons
 i - a +0 dagger of speed
 n - the +7 quarterstaff "Gaoweof" {pain, rC+ rCorr Str-5}
   (You found it on level 2 of the Dungeon)

   Str:       It affects your strength (-5).
   rC:        It protects you from cold.
   rCorr:     It protects you from acid and corrosion.
 q - a +2 short sword of draining (weapon)
Armour
 a - a +0 robe (worn)
 c - a +0 pair of boots (worn)
 e - a +0 pair of gloves
 l - a +0 helmet (worn)
Jewellery
 r - a ring of poison resistance (left hand)
Scrolls
 g - a scroll of identify {unknown}
 k - 3 scrolls of summoning {unknown}
 m - a scroll of acquirement {unknown}
 t - a scroll of immolation {unknown}
Potions
 d - a potion of degeneration {unknown}
 f - a potion of brilliance {unknown}
 h - 3 potions of might {unknown}
 j - 2 potions of heal wounds {unknown}
 o - a potion of haste {unknown}
 p - a potion of flight {unknown}
 s - 2 potions of mutation {unknown}


   Skills:
 + Level 0.1 Fighting
 + Level 1.9 Dodging
 + Level 1.8 Stealth
 + Level 0.2 Unarmed Combat
 + Level 2.4 Spellcasting
 + Level 1.9 Conjurations
 + Level 3.7 Fire Magic


You had 6 spell levels left.
You knew the following spells:

 Your Spells              Type           Power      Damage    Failure   Level
a - Foxfire               Conj/Fire      52%        2x1d6     4%          1

Your spell library contained the following spells:

 Spells                   Type           Power      Damage    Failure   Level
 Scorch                   Fire           32%        2d6       5%          2
 Magic Dart               Conj           36%        1d4       8%          1
 Searing Ray              Conj           18%        2d5       11%         2
 Necrotise                Necr           8%         1d4       16%         1
 Inner Flame              Hex/Fire       9%         N/A       22%         3
 Kindle Blastsparks       Fire/Tloc/Air  14%        2d11      28%         3
 Vampiric Draining        Necr           2%         2d6       43%         3
 Flame Wave               Conj/Fire      13%        2d6       45%         4
 Fulminant Prism          Conj/Hex       3%         3d5       71%         4
 Agony                    Necr           2%         N/A       99%         5


Dungeon Overview and Level Annotations

Branches:
Dungeon (3/15)

Altars:

Shops:
D:1 [

Annotations:
D:3 Grinder


Innate Abilities, Weirdness & Mutations

You are partially covered in sharp spines.
Your touch may inflict irresistible damage on your foes.


Message History

You barely miss Grinder. Your touch misses Grinder.
Grinder is severely wounded.
The foxfire hits Grinder but does no damage.
Grinder is severely wounded.
The foxfire hits Grinder.
Grinder is severely wounded.
Grinder blinks!
Casting: Foxfire (safe; 4% risk of failure)
Confirm with . or Enter, or press ? or * to list all spells.
You conjure some foxfire!
Grinder says, "I used to sell toenails on the black market."
Grinder gestures at you. Pain shoots through your body!
Casting: Foxfire (safe; 4% risk of failure)
Confirm with . or Enter, or press ? or * to list all spells.
You conjure some foxfire!
Grinder blinks!
Casting: Foxfire (safe; 4% risk of failure)
Confirm with . or Enter, or press ? or * to list all spells.
You conjure some foxfire!
The foxfire hits Grinder.
Grinder is severely wounded.
The foxfire hits Grinder.
Grinder is almost dead.
Your foxfire dissipates!
Casting: Foxfire (safe; 4% risk of failure)
Confirm with . or Enter, or press ? or * to list all spells.
You conjure some foxfire!
Your foxfire dissipates!
The foxfire hits Grinder.
Grinder is almost dead.
The foxfire hits Grinder but does no damage.
Grinder is almost dead.
Grinder gestures at you. Pain shoots through your body!
* * * LOW HITPOINT WARNING * * *
Casting: Foxfire (safe; 4% risk of failure)
Confirm with . or Enter, or press ? or * to list all spells.
You conjure some foxfire!
Grinder hits you.
* * * LOW HITPOINT WARNING * * *
You writhe in agony.
You die...

#...# #...# ...#
#...##### # ...#
#...+ ..####+#..
...####
#...###.........
......
+..?+.....>.....
....#
###§§.###..§......
....#
#......))v§.......
....#
#.########@.......
....#
#.#.......5v......
....#
#.#.##.....#..####
....# #.#
#........... ....#
#.# #..#.##....##
....# #.# #..#.
....# ....###'#.#.
## ..###
...)......# ...
..........#


You could see Grinder (ally target).

Vanquished Creatures
  An orc wizard (D:3)
  2 worms (D:2)
  3 orcs (D:3)
  5 bats
  4 endoplasms
  A giant cockroach (D:2)
  5 goblins
  5 hobgoblins
  2 kobolds
  2 quokkas
  4 ball pythons
  3 frilled lizards
  4 rats
41 creatures vanquished.

Vanquished Creatures (others)
  144 foxfires
144 creatures vanquished.

Grand Total: 185 creatures vanquished

Notes
Turn   | Place    | Note
-------+----------+-------------------------------------------
     0 | D:1      | gelatine the Demonspawn Fire Elementalist began the quest
                  | for the Orb.
     0 | D:1      | Reached XP level 1. HP: 13/13 MP: 3/3
   310 | D:1      | Found Hyugg's Antique Armour Boutique.
   316 | D:1      | Reached skill level 3 in Fire Magic
   316 | D:1      | Gained mutation: Your touch may inflict minor irresistible
                  | damage on your foes. [demonic ancestry]
   316 | D:1      | Reached XP level 2. HP: 19/19 MP: 1/5
   806 | D:1      | Found a faded altar of an unknown god.
  1205 | D:2      | Gained mutation: Your touch may inflict irresistible damage
                  | on your foes. [demonic ancestry]
  1205 | D:2      | Reached XP level 3. HP: 24/24 MP: 0/6
  1549 | D:2      | Identified the +7 quarterstaff "Gaoweof" {pain, rC+ rCorr
                  | Str-5}
  1948 | D:3      | Gained mutation: You are partially covered in sharp spines.
                  | [demonic ancestry]
  1948 | D:3      | Reached XP level 4. HP: 30/30 MP: 1/7
  1949 | D:3      | Noticed Grinder
  1951 | D:3      | Paralysed by Grinder for 5 turns
  1967 | D:3      | Slain by Grinder

Illustrated notes

Levels and vault maps discovered:
D:1:      sevenhm_arrival_forest_fort_small_4, layout_loops_ring,
          ebering_ecumenical_altar_box, serial_shops,
          nicolae_shop_temple_entry_statues_fountains
D:2:      layout_rooms
D:3:      layout_basic, regret_index_temple_of_mockery, serial_shops, shop,
          uniq_grinder

Skill      XL: |  1 |
---------------+----+-----
Fire Magic     | 3 |  3.7
Fighting       | |  0.1
Dodging        | |  1.9
Stealth        | |  1.8
Unarmed Combat | |  0.2
Spellcasting   | |  2.4
Conjurations   | |  1.9

Action                     |  1- 3 |  4- 6 || total
---------------------------+-------+-------++-------
  Melee: Unarmed           |    14 |       ||    14
         Touch             |     6 |     1 ||     7
         Dagger            |     8 |       ||     8
         Short sword       |     3 |     2 ||     5
   Cast: Foxfire           |    83 |     8 ||    91
    Use: Potion            |       |     1 ||     1
 Armour: Robe              |    11 |       ||    11
  Dodge: Dodged            |    22 |     2 ||    24

Table legend: (Time is in decaauts)
 A = Elapsed time spent in this place.
 B = Non-inter-level travel time spent in this place.
 C = Inter-level travel time spent in this place.
 D = Time resting spent in this place.
 E = Time spent auto-exploring this place.
 F = Levels seen in this place.
 G = Mean time per level.
                   A        B        C        D        E       F      G
               +--------+--------+--------+--------+--------+-----+--------+
         Total |   1975 |   1909 |     66 |      0 |   1549 |   3 |  658.3 |
       Dungeon |   1975 |   1909 |     66 |      0 |   1549 |   3 |  658.3 |
               +--------+--------+--------+--------+--------+-----+--------+

Top non-repeatable levels by time:
     D:1: 1048 daAuts
     D:2: 820 daAuts
     D:3: 106 daAuts
